Unix NetHack Version 3.7.0-62 Work-in-progress - last build Aug 7 2022 14:32:34 (f254b98e4f4e6c2f4e816e90bd3419c5233a8e5f,branch:master). Game began 2022-08-01 21:43:41, ended 2022-08-08 14:26:47. Moult, chaotic male elven Ranger ------------------------ |.....|....%...$|*.*...0| --|.---.|------.---.---.|.| |.|...|.|.%...|.....|...|.| |.|--.|.|.---.|.----|.----| Ha |.|...|.|.|.|.|.|$..|$....| --------- B |.|%--|.|.|.|.|--.|[-----.| |...|...@.| |.|.|.|.|.|.|.|...|.......| |.|%|.---.| ----------- |...|.|.|%|.|.|.---------.| |.|..0| |.D |.........| |.|...|...|.|...|.|......0| |.|--- D|.-------.| |.|.|.-----.|----.|.------- |.| |.|.....|.| |.|(|..%..%.|.....|.|.....| |.| |.|.---.|.| |.|..-------|.|.--|.|.---.| |.| |...|...|.| |..%........|.|...|.|.|$..| |.------- -----|.---.| |...-------.|.|--.|.|.---.| |..$|...| |0...[|.|..)| |.|...%<|.|...|.|.|*|0..|.| |.|.|.|>---.---.|.|.------------.....--............------.|.-----.|.|.---.|.| |.|0..|....%....%.................................................|%..)*..|.| ----------------------------------------------------------------------------- Moult the Scout St:18 Dx:18 Co:16 In:15 Wi:17 Ch:7 Chaotic S:564210 Dlvl:39 $:332 HP:0(205) Pw:92(92) AC:-12 Xp:16/341188 T:62429 Lev Latest messages: You hit the black dragon! You hit the black dragon! The black dragon misses! The black dragon misses! The black dragon misses! You hit the black dragon! You hit the black dragon! The black dragon bites! The black dragon misses! The black dragon misses! You hit the black dragon! The black dragon bites! The black dragon hits! The black dragon hits! The black dragon knocks you back with a powerful blow! You stagger... The blast of disintegration hits you! Your cloak crumbles and turns to dust! Your dragon mail turns to dust and falls to the floor! What do you want to use or apply? [blqtBD or ?*] D Nothing seems to happen. You feel a bit steadier now. The black dragon bites! The black dragon hits! The black dragon hits! The red dragon bites! The red dragon hits! The red dragon hits! You hit the black dragon! You hit the black dragon! The red dragon bites! The red dragon hits! The red dragon hits! You hit the black dragon! You hit the black dragon! The black dragon turns to flee. The black dragon bites! The black dragon hits! The black dragon hits! The blast of fire hits the black dragon! The blast of fire whizzes by you! The blast of fire bounces! You hit the black dragon! The blast of disintegration hits you! Do you want your possessions identified? y Do you want to see your attributes? y Do you want an account of creatures vanquished? y Do you want a list of species genocided and extinct? y Do you want to see your conduct and achievements? y Do you want to see the dungeon overview? y Major events: Turn 1: Moult the chaotic male elven Ranger entered the dungeon 665: entered the Gnomish Mines 1793: attained the rank of Lookout (level 3) 4065: attained the rank of Trailblazer (level 6) 4218: entered Sokoban 6653: reached Mine Town 10311: completed sokoban 1 10842: completed sokoban 2 11578: completed sokoban 3 13876: was bestowed with Sting by Mars 14012: attained the rank of Reconnoiterer (level 10) 17682: completed sokoban 4 17893: acquired the Sokoban amulet of reflection 19200: destroyed Scuzzery's ghost, the former Investigator 21660: acquired the Mines' End luckstone 21899: made his first wish - "blessed greased +2 gray dragon scale mail", got "a greased gray dragon scale mail" 22871: destroyed WizzyTheWeird's ghost, the former Thaumaturge 33978: was bestowed with Werebane by Mars 35193: was chosen to steal souls for the Glory of Mars 35193: was bestowed with Stormbringer 40975: killed Medusa 45359: killed Croesus 47789: entered Gehennom 49230: attained the rank of Scout (level 14) 49292: wished for "2 blessed scroll of charging", got "2 scrolls labeled PRIRUTSENIE" 49293: wished for "2 blessed scrolls of genocide", got "2 scrolls labeled KO BATE" 49396: performed his first genocide (class L) 49397: genocided class h 51217: found the Longbow of Diana on the floor 51222: killed Scorpius 51228: acquired the Bell of Opening 52448: just blew up his bag of holding 52979: wished for "blessed fixed bag of holding", got "a bag called holding" 55945: bribed Asmodeus with 195 zorkmids for safe passage 56381: killed Juiblex 57729: bribed Baalzebub with 260 zorkmids for safe passage 62429: killed by a blast of disintegration Inventory: Amulets x - an uncursed amulet of life saving J - an uncursed amulet of reflection Weapons V - 78 blessed +5 arrows m - 3 blessed +1 arrows C - a +1 arrow w - 4 blessed +6 elven arrows h - 2 +0 elven arrows N - a blessed +0 orcish arrow d - 21 poisoned +6 elven arrows G - 13 blessed poisoned +0 orcish arrows P - 5 poisoned +0 orcish arrows k - a blessed +1 elven bow M - the blessed rustproof +1 Stormbringer (weapon in hand) T - the +0 Werebane Armor i - a blessed thoroughly rusty +4 helm of telepathy (being worn) n - an uncursed thoroughly burnt +4 pair of gauntlets of dexterity (being worn) H - a blessed +4 pair of speed boots (being worn) Comestibles X - an uncursed lizard corpse Rings o - an uncursed ring of levitation (on left hand) c - an uncursed ring of slow digestion (on right hand) Wands l - a wand of digging (0:6) Tools b - a blessed bag of holding containing 98 items t - an uncursed blindfold B - an uncursed magic whistle named fire cold sleep shock pois drain tp q - an uncursed skeleton key named 13s geno Lh D - a blessed +0 unicorn horn named 37932 9p Gems/Stones r - a blessed luckstone Contents of the bag of holding: a cursed amulet of restful sleep 188 +0 arrows the blessed +0 Longbow of Diana a +0 dagger 10 +0 daggers a +3 elven dagger a +0 elven dagger a +0 elven dagger a cursed +0 pair of levitation boots an uncursed +0 pair of water walking boots an uncursed +0 pair of water walking boots an uncursed thoroughly burnt +2 elven cloak an uncursed +0 mummy wrapping 3 uncursed C-rations 4 uncursed K-rations an uncursed lembas wafer an uncursed sprig of wolfsbane an uncursed lizard corpse an uncursed lizard corpse 2 uncursed lizard corpses an uncursed lizard corpse an uncursed scroll of create monster 3 uncursed scrolls of destroy armor an uncursed scroll of destroy armor a cursed scroll of fire an uncursed scroll of gold detection a blessed scroll of identify an uncursed scroll of identify 2 uncursed scrolls of identify an uncursed scroll of magic mapping an uncursed scroll of remove curse 2 uncursed scrolls of remove curse an uncursed scroll of taming a blessed scroll of teleportation 3 uncursed scrolls of teleportation 2 cursed scrolls of teleportation an uncursed potion of booze an uncursed potion of enlightenment an uncursed potion of extra healing an uncursed potion of full healing a cursed potion of full healing an uncursed potion of gain ability an uncursed potion of gain energy a blessed potion of gain level an uncursed potion of hallucination a blessed potion of healing a blessed potion of invisibility an uncursed potion of invisibility an uncursed potion of levitation a blessed potion of monster detection a blessed potion of object detection 2 uncursed potions of object detection a cursed potion of object detection 2 uncursed potions of oil 2 uncursed potions of paralysis an uncursed potion of sleeping 2 uncursed potions of speed a cursed potion of speed an uncursed potion of water a potion of unholy water an uncursed ring of aggravate monster an uncursed ring of conflict an uncursed ring of fire resistance an uncursed ring of free action an uncursed +1 ring of increase damage an uncursed ring of levitation a cursed ring of polymorph an uncursed ring of regeneration an uncursed ring of regeneration an uncursed ring of searching an uncursed ring of stealth an uncursed ring of warning a wand of cold (0:6) a wand of create monster (0:15) a wand of create monster (0:11) a wand of create monster (0:11) a wand of digging (0:8) a wand of digging (0:8) a wand of digging (0:7) a wand of digging (0:6) a wand of digging (0:5) a wand of digging (0:5) a wand of digging (0:4) a wand of enlightenment (0:6) a wand of fire (0:4) a wand of fire (0:0) a wand of light (0:11) a wand of light (0:11) a blessed wand of lightning (0:4) a wand of lightning (0:5) a wand of lightning (0:1) a cursed wand of lightning (0:1) a wand of opening (0:7) a wand of striking (0:0) an uncursed bugle a blessed oil lamp an uncursed oil lamp a +0 pick-axe Moult the Ranger's attributes: Background: You were a Scout, a level 16 male elven Ranger. You were chaotic, on a mission for Mars who was opposed by Mercury (lawful) and Venus (neutral). You were in Gehennom, on level 39. You entered the dungeon 62429 turns ago. You had 341188 experience points, 298812 more were needed to attain level 17. Your score was 564210 before end-of-game adjustments. Basics: You had 0 out of 205 hit points. You had all 92 energy points (spell power). Your armor class was -12. Your wallet contained 332 zorkmids. Autopickup was off. Final Characteristics: Your strength was 18 (limit:18). Your dexterity was 18 (base:14, peak:16, limit:18). Your constitution was 16 (limit:16). Your intelligence was 15 (limit:20). Your wisdom was 17 (limit:20). Your charisma was 7 (limit:18). Final Status: You were levitating. You were not hungry. You were unencumbered. You were wielding a broadsword. You had basic skill with broadsword. Final Attributes: You were the Glory of Arioch. You were piously aligned. You were fire resistant. You were cold resistant. You were sleep resistant. You were shock resistant. You were poison resistant. You were level-drain resistant. You saw invisible. You were telepathic. You had automatic searching. You had infravision. You were invisible to others. You were stealthy. You had slower digestion. You had a moderate defense bonus (+9). You were warded. You were very fast. You were extremely lucky. You had extra luck. Good luck did not time out for you. You are dead. Miscellaneous: You encountered 2 bones levels. Total elapsed playing time was 1 day, 12 hours, 13 minutes and 23 seconds. Vanquished creatures: Juiblex an arch-lich 2 mastodons Medusa Croesus 3 iron golems 2 storm giants a titan 2 glass golems 2 balrogs 4 purple worms a gray dragon 2 gold dragons a silver dragon a red dragon 2 white dragons 4 orange dragons 2 black dragons a yellow dragon 14 minotaurs Scorpius 6 baluchitheria 2 demiliches 5 stone golems 3 pit fiends 2 hell hounds 2 displacer beasts 4 titanotheres 2 trappers a baby gray dragon a genetic engineer a disenchanter 14 vampire leaders 4 captains 4 liches a clay golem a nurse 4 ice devils a lurker above 2 Aleaxes 3 ettins 2 golden nagas 4 black puddings 17 vampires 12 lieutenants 34 ghosts 4 winged gargoyles 5 giant mimics 8 long worms 2 zruties 3 fire giants 2 ogre tyrants 16 ice trolls 2 rock trolls 6 umber hulks 2 flesh golems 2 doppelgangers 3 hezrous 5 bone devils 2 large mimics 6 wumpuses 2 fire vortices 3 couatls 11 stalkers 5 air elementals 4 fire elementals 3 earth elementals a water elemental 2 hill giants 2 giant mummies 3 black nagas 6 xorns 10 giant zombies 23 sergeants 3 barbed devils 5 vrocks 2 salamanders 9 wargs a winter wolf 7 hell hound pups 3 small mimics a glass piercer 4 warhorses a steam vortex 8 xans 3 ettin mummies 2 ogre leaders 9 quantum mechanics 22 trolls a sasquatch 4 wood golems an erinys 4 sharks 6 electric eels 8 gelatinous cubes 4 pyrolisks 6 large dogs 5 freezing spheres 7 flaming spheres 6 shocking spheres 5 large cats 6 tigers 4 gargoyles 2 dwarf rulers 12 tengu 5 ochre jellies 10 leocrottas 4 energy vortices 22 mountain centaurs 7 stone giants 5 elf mummies 9 human mummies 3 red nagas a green slime 2 pythons 3 pit vipers 7 cobras 33 wraiths 4 carnivorous apes 9 ettin zombies 4 leather golems 2 Grey-elves 120 soldiers 3 watchmen 4 amorous demons 3 horned devils 11 chameleons 4 crocodiles 13 giant beetles 5 quivering blobs 12 cockatrices 19 wolves 9 winter wolf cubs 4 lynxes 3 panthers 8 gremlins 2 spotted jellies 62 leprechauns 2 orc-captains 6 iron piercers 3 mumakil 14 giant spiders 35 scorpions 9 horses 6 ice vortices 3 black lights 8 vampire bats 43 forest centaurs 8 gnome rulers 6 orc mummies 4 dwarf mummies 4 ogres 15 brown puddings 8 rust monsters 10 owlbears 7 yetis 5 gold golems 4 werewolves 8 giant eels 18 lizards 5 chickatrices 4 dingoes 3 dogs 5 housecats 8 jaguars 4 dwarf leaders 4 blue jellies 4 white unicorns 5 gray unicorns a black unicorn 7 dust vortices 8 ravens 22 plains centaurs 3 gnome mummies 7 snakes 14 apes 13 human zombies 6 rope golems 3 Woodland-elves 9 soldier ants 8 fire ants 16 bugbears an imp 5 lemures 4 quasits 4 wood nymphs 6 water nymphs 6 mountain nymphs a Mordor orc 21 Uruk-hai 7 orc shamans 13 rock piercers 3 rock moles 6 ponies 4 fog clouds 19 yellow lights 3 shriekers 9 violet fungi 31 gnome leaders 15 gnomish wizards 8 kobold mummies a guardian naga hatchling 4 gray oozes a barrow wight 21 elf zombies 10 ghouls 3 straw golems 2 paper golems 3 jellyfish 45 giant ants 7 little dogs 9 floating eyes 3 kittens 25 dwarves 2 homunculi 4 kobold leaders 2 kobold shamans 30 hill orcs 14 rothes 5 centipedes 13 giant bats a Kop Sergeant 3 monkeys 10 orc zombies 18 dwarf zombies 4 wererats 5 werejackals 18 iguanas 21 killer bees 2 acid blobs 8 coyotes 9 hobbits 20 manes 7 large kobolds 33 hobgoblins 9 giant rats 8 cave spiders 5 brown molds a yellow mold 6 green molds 63 gnomes a garter snake 10 gnome zombies 17 geckos 14 jackals a fox 5 kobolds 10 goblins 16 sewer rats 13 grid bugs 4 bats 13 lichens 14 kobold zombies 11 newts 2032 creatures vanquished. Genocided or extinct species: hobbits dwarves bugbears dwarf leaders dwarf rulers mind flayers master mind flayers liches demiliches master liches arch-liches soldiers (extinct) erinyes (extinct) 11 species genocided. 2 species extinct. Voluntary challenges: You read items or engraved 82 times. You engraved Elbereth 37 times. You genocided 11 types of monsters. You never changed form. You used 4 wishes. You did not wish for any artifacts. You did not violate any of the special Sokoban rules. Achievements: You entered the Gnomish Mines. You entered a shop. You attained the rank of Lookout. You entered a temple. You attained the rank of Trailblazer. You entered Sokoban. You entered Minetown. You attained the rank of Reconnoiterer. You completed Sokoban. You completed the Gnomish Mines. You defeated Medusa. You entered Gehennom. You attained the rank of Scout. You handled the Bell of Opening. The Dungeons of Doom: levels 1 to 26 Level 1: Level 2: "stash top" A wand shop. Stairs down to The Gnomish Mines. Level 3: Some fountains. Level 4: A fountain. Level 5: An altar to Mars, a fountain. Level 6: An altar, a grave. Level 7: Level 8: Many fountains. Oracle of Delphi. Level 9: A temple to Mars. Stairs up to Sokoban, level 8. Level 10: A temple, a fountain. Level 11: Many altars, a sink. Level 12: A fountain. Level 13: A sink, many graves. Portal to Fort Ludios. Level 14: A fountain, a grave. Portal to The Quest. Level 15: A fountain. Level 16: An altar to Mars, a fountain, a grave. Level 17: A primitive area. Level 18: Level 19: "vault" Some shops. Level 20: A fountain. Level 21: Some fountains, a grave. Level 22: "medusa" Level 23: "vault" Level 24: Level 25: Level 26: "castle" A fountain. The castle. Connection to Gehennom. Gehennom: levels 27 to 40 Level 27: A temple, many graves. Valley of the Dead. Level 28: Level 29: Level 30: "juiblex" Some fountains. Level 31: Level 32: Level 33: Level 34: Level 35: Level 36: Level 37: Stairs up to Vlad's Tower, level 36. Level 38: Level 39: <- You were here. Final resting place for you, killed by a blast of disintegration. Level 40: The Gnomish Mines: levels 3 to 11 Level 3: Level 4: A grave. Final resting place for WizzyTheWeird-Wiz-Hum-Mal-Neu, killed by a burning book. Level 5: Level 6: Many shops, a temple, some fountains. Level 7: "stash next to upstair" Level 8: Level 9: Level 10: A grave. Final resting place for Scuzzery-Arc-Gno-Fem-Neu, killed by a panther, while dragging an iron ball. Level 11: A fountain. The Quest: levels 1 to 5 Level 1: Many trees. Completed quest for Orion. Level 2: Many trees. Level 3: Level 4: Level 5: Sokoban: levels 8 up to 5 Level 5: Solved. Level 6: Solved. Level 7: Solved. Level 8: Solved. Fort Ludios: Level 1: Fort Ludios. Vlad's Tower: levels 36 up to 35 Level 35: Level 36: Game over: ---------- / \ / REST \ / IN \ / PEACE \ / \ | Moult | | 332 Au | | killed by a | | blast of | | disintegration | | | | 2022 | *| * * * | * _________)/\\_//(\/(/\)/\//\/|_)_______ Goodbye Moult the Ranger... You died in Gehennom on dungeon level 39 with 564177 points, and 332 pieces of gold, after 62429 moves. You were level 16 with a maximum of 205 hit points when you died.